 Dungeon Crawl Stone Soup version 0.27.1-3-gb3d3a73c9e (webtiles) character file.

Game seed: 537032385387922628

125 cdecastro the Poker (level 4, -1/33 HPs)
             Began as a Demonspawn Gladiator on Oct 7, 2021.
             Was a Believer of Jiyva.
             Succumbed to a killer bee's poison
             ... on level 3 of the Dungeon.
             The game lasted 00:04:27 (3092 turns).

cdecastro the Poker (Demonspawn Gladiator)          Turns: 3092, Time: 00:04:27

Health: -1/33      AC:  9    Str: 17    XL:     4   Next: 82%
Magic:  4/4        EV: 10    Int: 15    God:    Jiyva [**....]
Gold:   116        SH:  0    Dex: 13    Spells: 3/3 levels left

rFire    + . .     SeeInvis .   a - +0 trident
rCold    . . .     Faith    .   (no shield)
rNeg     . . .     Spirit   .   m - +0 scale mail {rF+}
rPois    .         Reflect  .   c - +0 helmet
rElec    .         Harm     .   (no cloak)
rCorr    .         Rampage  .   (no gloves)
Will     .....                  (no boots)
Stlth    ..........             (no amulet)
HPRegen  0.11/turn              n - +6 ring of intelligence
MPRegen  0.09/turn              (no ring)

@: mighty, lethally poisoned (-1 -> -9), flying
A: slimy green scales 1, foul stench 1
a: Renounce Religion, Request Jelly


You were on level 3 of the Dungeon.
You worshipped Jiyva.
Jiyva was pleased with you.
You visited 1 branch of the dungeon, and saw 4 of its levels.

You collected 116 gold pieces.

Inventory:

Hand Weapons
 a - a +0 trident (weapon)
Missiles
 d - 3 throwing nets (quivered)
 g - 53 stones
 j - 47 arrows
Armour
 b - a +0 leather armour
 c - a +0 helmet (worn)
 l - a +0 ring mail
 m - a +0 scale mail of fire resistance (worn)
Jewellery
 n - a +6 ring of intelligence (left hand)
Scrolls
 e - a scroll of amnesia {unknown}
 h - 3 scrolls of teleportation {unknown}
 i - a scroll of enchant weapon {unknown}
 o - a scroll of enchant armour {unknown}


   Skills:
 - Level 2.0 Fighting
 + Level 5.1 Polearms
 - Level 1.7 Throwing
 - Level 2.6 Dodging


You had 3 spell levels left.
You didn't know any spells.
Your spell library contained the following spells:

 Spells                   Type           Power      Damage    Failure   Level
 Passwall                 Tmut/Erth      0%         N/A       83%         2
 Summon Guardian Golem    Hex/Summ       0%         N/A       96%         3
 Swiftness                Air            0%         N/A       96%         3
 Invisibility             Hex            0%         N/A       100%        6
 Orb of Destruction       Conj           0%         N/A       100%        7
 Spellforged Servitor     Conj/Summ      0%         N/A       100%        7


Dungeon Overview and Level Annotations

Branches:
Dungeon (4/15)
 Temple: D:4-7

Altars:
Jiyva


Innate Abilities, Weirdness & Mutations

You are partially covered in slimy green scales. (AC +2)
You may rarely emit foul miasma when damaged in melee.


Message History

The killer bee closely misses you. The killer bee stings you.
You are poisoned.
The killer bee poisons you!
You emit a cloud of foul miasma!
There is a stone staircase leading up here.
You feel very sick.
The killer bee is engulfed in dark miasma.
The killer bee is poisoned.
The killer bee barely misses you.
The killer bee is engulfed in dark miasma.
The killer bee looks even sicker.
The killer bee seems to slow down.
The killer bee stings you.
* * * LOW HITPOINT WARNING * * *
You climb upwards.
You feel very sick.
There is a stone staircase leading down here.
Okay, then.
Unknown command.
Okay, then.
Unknown command.
You hit the killer bee but do no damage.
The killer bee is moderately wounded.
You feel sick. The killer bee stings you.
* * * LOW HITPOINT WARNING * * *
The killer bee barely misses you.
You hit the killer bee but do no damage.
The killer bee is severely wounded.
You feel sick. The killer bee stings you.
* * * LOW HITPOINT WARNING * * *
You are more poisoned.
The killer bee poisons you!
It was a potion of flight.
You feel very buoyant.
You fly up into the air.
* * * LOW HITPOINT WARNING * * *
You feel sick.
You kill the killer bee!
Your Polearms skill increases to level 5!
It was a potion of might.
You feel very mighty all of a sudden.
You die...

#.# #.# #.# #.#
### #.# #.# ..#
#.# #.# ..# #.#
#.# ..###.# #.#
...##.# #.#
...##.#####.######
...'............@#
...##.############
...##'######
...........#
...........#
...........#
###....#####
###....#
..#....#######


There were no monsters in sight!

Vanquished Creatures
  A killer bee (D:3)
  2 adders (D:3)
  A worm (D:2)
  3 dart slugs
  An orc (D:3)
  2 ball pythons (D:1)
  7 endoplasms (D:1)
  5 giant cockroaches
  3 goblins
  4 hobgoblins (D:3)
  3 quokkas
  7 bats
  2 frilled lizards
  3 kobolds
  3 rats
47 creatures vanquished.

Vanquished Creatures (others)
  An orc (D:3)
  2 ball pythons (D:2)
  An endoplasm (D:3)
  A giant cockroach (D:2)
  2 goblins
  3 kobolds
  A quokka (D:2)
  A rat (D:2)
  2 plants (D:2)
14 creatures vanquished.

Grand Total: 61 creatures vanquished

Notes
Turn   | Place    | Note
-------+----------+-------------------------------------------
     0 | D:1      | cdecastro the Demonspawn Gladiator began the quest for the
                  | Orb.
     0 | D:1      | Reached XP level 1. HP: 16/16 MP: 1/1
    93 | D:1      | Reached skill level 3 in Polearms
   402 | D:1      | Gained mutation: You are partially covered in slimy green
                  | scales. (AC +2) [demonic ancestry]
   402 | D:1      | Reached XP level 2. HP: 19/22 MP: 2/2
   772 | D:1      | Reached XP level 3. HP: 27/27 MP: 3/3
   786 | D:1      | Noticed a great orb of eyes
   788 | D:1      | Found a faded altar of an unknown god.
   789 | D:1      | Noticed a golden eye
   789 | D:1      | Noticed a floating eye
   789 | D:1      | Noticed a shining eye
  1045 | D:1      | Became a worshipper of Jiyva Jucewai the Shapeless
  1045 | D:1      | Reached * piety under Jiyva
  1109 | D:2      | Reached skill level 4 in Polearms
  2216 | D:3      | Gained mutation: You may rarely emit foul miasma when
                  | damaged in melee. [demonic ancestry]
  2216 | D:3      | Reached XP level 4. HP: 30/33 MP: 4/4
  3057 | D:4      | Reached ** piety under Jiyva
  3091 | D:3      | HP: 1/33 [poisoned by a killer bee]
  3092 | D:3      | Reached skill level 5 in Polearms
  3092 | D:3      | Succumbed to a killer bee's poison

Illustrated notes

Levels and vault maps discovered:
D:1:      dpeg_arrival_prison, layout_basic,
          hellmonk_ecumenical_altar_watching_god, bh_walls_and_bars
D:2:      layout_basic, chequers_big_river
D:3:      layout_basic
D:4:      layout_basic, amcnicky_altar_gilded, serial_bayou_crossing

Skill      XL: |  1  2  3  4 |
---------------+-------------+-----
Polearms       | 3 4 5 |  5.1
Fighting       | |  2.0
Throwing       | |  1.7
Dodging        | |  2.6

Action                   |  1- 3 |  4- 6 || total
-------------------------+-------+-------++-------
Melee: Trident           |   146 |    19 ||   165
Invok: Request Jelly     |       |     1 ||     1
  Use: Potion            |       |     2 ||     2
 Stab: Sleeping          |     3 |       ||     3
Armor: Leather armour    |    28 |       ||    28
       Scale mail        |    13 |     9 ||    22
       Skin              |     1 |       ||     1
Dodge: Dodged            |    61 |    12 ||    73
